cohdb
Replays
Latest Replays
All Replays
Popular Replays
Top Player Replays
Match Explorer
How It Works
Community
CoH3 Stats
Reddit
Sign in to upload your games and track your stats! →
Sign in with Steam
Match 44125341
Unlisted
Match 44125341
Overview
Messages
Build Orders
End
Kradschützen Motorcycle Team
Selects Italian Combined Arms Battlegroup
Selects Bersaglieri Squad
Bersaglieri Squad
250 Light Carrier
Bersaglieri Squad
Construct Light Support Kompanie
Panzerjäger Squad
Selects Bersaglieri Bolster
Fire Support Elements
Flakvierling Half-track
2.5-tonne Medical Truck
Selects Breda Model 30 Light Machine Guns
MG34 Team
Panzerjäger Squad
Panzerjäger Squad
Construct Mechanized Kompanie
Selects Semovente da 75/18 Assault Gun
Selects Carro Armato M13/40 Light Tank
Construct Panzerarmee Kommand
Bersaglieri Squad
Panzer III L Medium Tank
Selects Pact of Steel
Akage
BABAYAGA
robwarrior
imba ☯
0
0
Comments
sign in to comment!
No comments posted yet!